Map: [ESL] Alcyone

Players

Astrea - Winner!

  • Race: Protoss Protoss
  • Spawn Location: 7:00

Firefly

  • Race: Protoss Protoss
  • League: Master
  • Spawn Location: 1:00

Event: IEM Katowice 2024

VOD

Have the link to the VOD?

Description

Time

  • Played on: Feb. 9, 2024, 12:14 p.m.
  • Length: 7:54

All games in this series

Show
View Real Time Build Order
Export as new Build Order

Astrea Protoss - Winner!

Build Orders: Oracle Opening 

Get SALT Encoding   

  12  0:00  Probe  
  13  0:12  Probe  
  14  0:17  Pylon  
  14  0:24  Probe (Chrono Boost)  
  15  0:36  Gateway, Probe (Chrono Boost)  
  16  0:44  Probe (Chrono Boost)  
  16  0:45  Assimilator  
  17  0:51  Probe  
  17  0:53  Assimilator  
  18  1:03  Probe (Chrono Boost)  
  19  1:07  Gateway  
  20  1:12  Probe (Chrono Boost)  
  20  1:17  Probe (Chrono Boost)  
  20  1:24  Cybernetics Core  
  21  1:29  Probe  
  22  1:37  Pylon  
  22  1:41  Probe  
  23  1:55  Probe  
  23  2:01  Warp Gate, Adept x2  
  29  2:11  Pylon  
  29  2:18  Stargate  
  28  2:33  Stalker x2  
  31  2:45  Probe  
  32  2:57  Probe  
  33  2:59  Oracle (Chrono Boost)  
  36  3:25  Probe  
  36  3:26  Oracle (Chrono Boost)  
  36  3:34  Nexus  
  36  3:36  Pylon  
  37  3:41  Probe  
  37  3:53  Probe  
  38  3:56  Oracle (Chrono Boost)  
  41  4:05  Probe  
  42  4:11  Adept x2  
  42  4:14  Shield Battery  
  46  4:17  Probe  
  46  4:22  Pylon  
  47  4:25  Pylon  
  47  4:32  Probe  
  47  4:36  Stalker  
  46  4:43  Oracle (Chrono Boost)  
  46  4:44  Probe  
  50  5:01  Stalker x2  
  54  5:22  Pylon  
  54  5:25  Gateway, Void Ray (Chrono Boost)  
  54  5:27  Zealot  
  54  5:28  Zealot  
  62  5:39  Pylon  
  62  5:50  Stalker x2  
  62  5:54  Gateway  
  66  6:08  Probe x2  
  68  6:13  Stalker x2  
  72  6:23  Pylon  
  72  6:26  Probe x2  
  72  6:27  Stalker  
  76  6:38  Probe x2  
  74  6:41  Stalker x2  
  78  6:50  Probe x2  
  77  6:54  Robotics Facility  
  73  7:01  Stalker  
  73  7:02  Probe x2  
  71  7:14  Probe x2  
  72  7:15  Stalker  
  70  7:26  Probe  
  70  7:27  Probe  
  72  7:39  Probe  
Show
View Real Time Build Order
Export as new Build Order

Firefly Protoss 

Build Orders:  

Get SALT Encoding   

  12  0:00  Probe  
  13  0:12  Probe  
  14  0:17  Pylon  
  14  0:24  Probe  
  15  0:35  Gateway  
  15  0:37  Probe (Chrono Boost)  
  16  0:46  Assimilator, Probe (Chrono Boost)  
  17  0:51  Probe (Chrono Boost)  
  17  0:56  Assimilator  
  18  1:03  Probe (Chrono Boost)  
  19  1:08  Gateway  
  19  1:13  Probe (Chrono Boost)  
  19  1:18  Probe (Chrono Boost)  
  20  1:25  Cybernetics Core  
  21  1:29  Probe  
  22  1:34  Pylon  
  22  1:46  Probe  
  23  2:02  Robotics Facility, Adept, Warp Gate  
  23  2:07  Adept  
  27  2:24  Pylon  
  27  2:32  Adept  
  29  2:37  Adept  
  31  2:49  Pylon  
  31  2:55  Nexus  
  31  3:04  Adept  
  33  3:10  Adept  
  35  3:23  Pylon  
  32  3:36  Shield Battery, Probe  
  33  3:42  Twilight Council  
  33  3:48  Probe  
  34  3:50  Adept x2  
  38  3:56  Pylon  
  35  4:06  Probe (Chrono Boost)  
  32  4:12  Probe (Chrono Boost)  
  33  4:20  Probe (Chrono Boost)  
  33  4:21  Probe (Chrono Boost)  
  33  4:24  Sentry  
  36  4:26  Sentry  
  38  4:35  Probe  
  38  4:36  Probe  
  34  4:46  Phoenix  
  34  4:47  Probe  
  34  4:48  Probe  
  34  4:49  Stalker  
  38  4:55  Stalker  
  38  4:59  Probe  
  41  5:02  Blink (Chrono Boost)  
  41  5:13  Probe x2  
  43  5:21  Phoenix  
  43  5:23  Stalker  
  45  5:29  Probe  
  46  5:36  Stalker  
  46  5:38  Probe  
  46  5:41  Probe  
  50  5:50  Stalker  
  50  5:54  Probe  
  50  5:55  Probe  
  54  6:03  Stalker  
  56  6:07  Probe x2  
  58  6:18  Stalker  
  60  6:19  Probe  
  60  6:23  Probe  
  60  6:34  Stalker  
  53  6:45  Stalker  
  51  6:49  Probe  
  50  6:57  Stalker  
  50  7:00  Probe  
  42  7:13  Stalker  
  38  7:23  Stalker  

Tags
 
Add a new tag
Caveats
  • Supply blocks, unpowered buildings, or Contaminate may cause inaccurate times.
  • Supply counts are checked every 10 seconds.